 Dungeon Crawl Stone Soup version 0.29-a0-271-gd4eb659eea (webtiles) character file.

Game seed: 10247099338480206803

168 namelastname112 the Sneak (level 5, -15/27 HPs)
             Began as a Vine Stalker Brigand on Mar 9, 2022.
             Was a Follower of Makhleb.
             Demolished by an ogre
             ... wielding a +0 giant spiked club
              (30 damage)
             ... on level 4 of the Dungeon.
             The game lasted 00:03:41 (2807 turns).

namelastname112 the Sneak (Vine Stalker Brigand)    Turns: 2807, Time: 00:03:41

Health: -15/27     AC:  8    Str: 14    XL:     5   Next: 48%
Magic:  0/6        EV: 16    Int: 11    God:    Makhleb [*.....]
Gold:   131        SH:  0    Dex: 17    Spells: 4/4 levels left

rFire   . . .      SeeInvis .   l - +4 dagger
rCold   . . .      Faith    .   (no shield)
rNeg    . . .      Spirit   +   b - +0 robe
rPois   .          Reflect  .   p - +0 helmet
rElec   .          Harm     .   c - +0 cloak
rCorr   .          Rampage  .   (no gloves)
Will    .....                   (no boots)
Stlth   +++.......              t - amulet of the acrobat
HPRegen 0.89/turn               u - +4 ring of evasion
MPRegen 0.10/turn               v - +4 ring of protection

@: no status effects
A: fangs 2, regeneration 1, magic shield, antimagic bite, no potion heal 2
a: Renounce Religion


You were on level 4 of the Dungeon.
You worshipped Makhleb.
Makhleb was aware of your devotion.
You visited 1 branch of the dungeon, and saw 5 of its levels.

You collected 215 gold pieces.
You spent 84 gold pieces at shops.

Inventory:

Hand Weapons
 l - a +4 dagger (weapon)
Missiles
 d - 3 poisoned darts (quivered)
 e - 3 curare-tipped darts
 f - a throwing net
 j - 2 boomerangs
 m - 3 atropa-tipped darts
Armour
 b - a +0 robe (worn)
 c - a +0 cloak (worn)
 p - a +0 helmet (worn)
Jewellery
 t - an amulet of the acrobat (around neck)
 u - a +4 ring of evasion (left hand)
 v - a +4 ring of protection (right hand)
Wands
 n - a wand of flame (19)
Scrolls
 h - a scroll of enchant weapon {unknown}
 i - 2 scrolls of teleportation
 k - a scroll of fog {unknown}
 o - 2 scrolls of amnesia {unknown}
 q - 3 scrolls of enchant armour {unknown}
 w - a scroll of silence {unknown}
 y - a scroll of magic mapping
 z - a scroll of noise {unknown}
Potions
 a - 2 potions of brilliance {unknown}
 g - a potion of mutation {unknown}
 r - 2 potions of curing {unknown}
 s - a potion of cancellation {unknown}
 x - 2 potions of attraction {unknown}


   Skills:
 + Level 2.6 Fighting
 + Level 2.7 Short Blades
 + Level 2.7 Throwing
 + Level 1.9 Dodging
 + Level 5.7 Stealth


You had 4 spell levels left.
You didn't know any spells.
Your spell library contained the following spells:

 Spells                   Type           Power      Damage    Failure   Level
 Sandblast                Erth           0%         2d4       34%         1
 Passwall                 Tmut/Erth      0%         N/A       47%         2
 Stone Arrow              Conj/Erth      0%         3d7       71%         3


Dungeon Overview and Level Annotations

Branches:
Dungeon (5/15)
 Temple: D:4-7

Altars:
Makhleb
Yredelemnul

Shops:
D:5 ?


Innate Abilities, Weirdness & Mutations

You have extremely sharp teeth.
Your natural rate of healing is unusually fast.
When hurt, damage is shared between your health and your magic reserves.
Your bite disrupts and absorbs the magic of your enemies.
Potions cannot restore your health.


Message History

Throw: 8 darts (poison)
Press: ? - help, Q - select action, (/) - cycle Shift-Dir - straight line, f - ogre
Aim: an ogre, wielding a +0 giant spiked club (76% to hit)
You throw a poisoned dart! The poisoned dart hits the ogre!
The ogre is poisoned!
Throw: 7 darts (poison)
Press: ? - help, Q - select action, (/) - cycle Shift-Dir - straight line, f/p - ogre
Aim: an ogre, wielding a +0 giant spiked club (lightly wounded, poisoned, 76% to hit)
You throw a poisoned dart! The poisoned dart hits the ogre!
The ogre looks even sicker!
The ogre is lightly wounded!
Throw: 6 darts (poison)
Press: ? - help, Q - select action, (/) - cycle Shift-Dir - straight line, f/p - ogre
Aim: an ogre, wielding a +0 giant spiked club (lightly wounded, very poisoned, 76% to hit)
You throw a poisoned dart!
The poisoned dart barely misses the ogre!
The ogre barely misses you!
Throw: 5 darts (poison)
Press: ? - help, Q - select action, (/) - cycle Shift-Dir - straight line, f/p - ogre
Aim: an ogre, wielding a +0 giant spiked club (moderately wounded, poisoned, 76% to hit)
You throw a poisoned dart! The poisoned dart hits the ogre!
The ogre looks even sicker!
The ogre is moderately wounded!
Found a dagger!
The ogre attacks as you move away!!! The ogre completely misses you!
You barely miss the ogre!
The ogre is heavily wounded!
The ogre hits you with a +0 giant spiked club!!!!!!
DANG; * * * don't die
* * * You take 21 damage, and have 6/27 hp!
MASSIVE DAMAGE!!!!!!
You now have 1/6 mp!
Throw: 4 darts (poison)
Press: ? - help, Q - select action, (/) - cycle Shift-Dir - straight line, f/p - ogre
Aim: an ogre, wielding a +0 giant spiked club (severely wounded, poisoned, 76% to hit)
You throw a poisoned dart! The poisoned dart hits the ogre!
The ogre looks even sicker!
The ogre is severely wounded!
The ogre attacks as you move away!!!
The ogre hits you with a +0 giant spiked club!!!!!!
DANG rip

# #.# #.# #.# #.# #.#
####>####### #.#########.#
#)).........
###.........#.#
#)##.#######
).###...........#.## #)##.#
........#.##.......###.##.#
.####.#.#.##.#..#....)....#
#.#......#.........####
.............(O@......#
####.###.####.........# #.
#.# #.........# # #..
...........#
.......##...####
#############


You could see an ogre (very poisoned).

Vanquished Creatures
  An orc priest (D:4)
  An iguana (D:4)
  Terence (D:2)
  A gnoll (D:1)
  3 worms
  2 dart slugs (D:1)
  4 orcs (D:4)
  4 endoplasms
  2 giant cockroaches (D:1)
  8 goblins
  6 hobgoblins
  8 kobolds
  3 quokkas
  4 ball pythons
  3 bats (D:1)
  2 frilled lizards
  5 rats
58 creatures vanquished.

Notes
Turn   | Place    | Note
-------+----------+-------------------------------------------
     0 | D:1      | namelastname112 the Vine Stalker Brigand began the quest
                  | for the Orb.
     0 | D:1      | Reached XP level 1. HP: 11/11 MP: 2/2
   252 | D:1      | Reached skill level 1 in Dodging
   252 | D:1      | Reached XP level 2. HP: 6/15 MP: 3/3
   464 | D:1      | Reached skill level 5 in Stealth
   715 | D:1      | Reached XP level 3. HP: 15/18 MP: 4/4
  1744 | D:2      | Gained mutation: Your natural rate of healing is unusually
                  | fast. [Vine Stalker growth]
  1744 | D:2      | Reached XP level 4. HP: 23/23 MP: 5/5
  1803 | D:2      | Noticed Terence
  1817 | D:2      | Killed Terence
  2160 | D:2      | Found a faded altar of an unknown god.
  2249 | D:2      | Prayed at the altar of an unknown god.
  2249 | D:2      | Became a worshipper of Makhleb the Destroyer
  2249 | D:2      | Reached * piety under Makhleb
  2271 | D:3      | Found a basalt altar of Yredelemnul.
  2687 | D:3      | You fall into a shaft and drop 2 floors!
  2687 | D:5      | Entered Level 5 of the Dungeon
  2694 | D:5      | Found Qoixy's Magic Scroll Emporium.
  2702 | D:5      | Bought a scroll of teleportation for 39 gold pieces
  2702 | D:5      | Bought a scroll of magic mapping for 45 gold pieces
  2740 | D:4      | Reached XP level 5. HP: 23/27 MP: 6/6
  2777 | D:4      | Noticed an ogre
  2807 | D:4      | Demolished by an ogre

Illustrated notes

Levels and vault maps discovered:
D:1:      minmay_arrival_jagged, layout_loops_ring, serial_bayou,
          serial_bayou_ford_a, serial_bayou_pond_a, serial_bayou_shore_a,
          serial_bayou_lagoon_a, serial_bayou_pond_e, minmay_small_reverse_x
D:2:      layout_basic, chequers_ecumenical_altar_twisty, uniq_terence
D:3:      layout_loops_corners, nicolae_yredelemnul_corpse_copse
D:4:      layout_loops_ring, gammafunk_ghost_mausoleum, grunt_ministairs_7,
          feat_on_display
D:5:      layout_gridville, kb_xom_exploding_sheep,
          mainiacjoe_overflow_boulevard, minmay_temple_entry_offerings,
          serial_shops, shop, nicolae_shop_statue_plus, shop,
          nicolae_shop_overgrown_old_shop, nicolae_stop_n_shop_2,
          lexackson_kobold_supper

Skill      XL: |  1  2 |
---------------+-------+-----
Dodging        | 1 |  1.9
Stealth        | 5 |  5.7
Fighting       | 2 |  2.6
Short Blades   | 2 |  2.7
Throwing       | 2 |  2.7

Action                   |  1- 3 |  4- 6 || total
-------------------------+-------+-------++-------
Melee: Dagger            |    65 |    63 ||   128
       Bite              |    16 |    16 ||    32
Throw: Boomerang         |     6 |       ||     6
       Dart              |     3 |     5 ||     8
 Stab: Sleeping          |    11 |     5 ||    16
Armor: Robe              |    10 |     6 ||    16
Dodge: Dodged            |    23 |    34 ||    57

Table legend: (Time is in decaauts)
 A = Elapsed time spent in this place.
 B = Non-inter-level travel time spent in this place.
 C = Inter-level travel time spent in this place.
 D = Time resting spent in this place.
 E = Time spent auto-exploring this place.
 F = Levels seen in this place.
 G = Mean time per level.
                   A        B        C        D        E       F      G
               +--------+--------+--------+--------+--------+-----+--------+
         Total |   2820 |   2710 |    110 |    154 |   2061 |   5 |  564.0 |
       Dungeon |   2820 |   2710 |    110 |    154 |   2061 |   5 |  564.0 |
               +--------+--------+--------+--------+--------+-----+--------+

Top non-repeatable levels by time:
     D:1: 1467 daAuts
     D:2: 815 daAuts
     D:3: 421 daAuts
     D:4: 97 daAuts
     D:5: 17 daAuts
